 Dungeon Crawl Stone Soup version 0.32-a0-18-g89e19f1974 (webtiles) character file.

Game seed: 3447498761029149293

7060 hman the Geomancer (level 11, -3/57 HPs)
             Began as a Gargoyle Earth Elementalist on Jan 16, 2024.
             Was an Elder of Uskayaw.
             Slain by a yak (4 damage)
             ... on level 1 of the Lair of Beasts.
             The game lasted 01:12:46 (8185 turns).

hman the Geomancer (Gargoyle Earth Elementalist)    Turns: 8185, Time: 01:12:46

Health: -3/57      AC: 23    Str: 13    XL:     11   Next: 9%
Magic:  18/25      EV:  7    Int: 31    God:    Uskayaw [****..]
Gold:   549        SH:  0    Dex: 10    Spells: 29/30 levels left

rFire   . . .        q - +5 dire flail "Jisoudynn" {freeze, rC+}
rCold   + . .        (shield currently unavailable)
rNeg    + . .        Y - +2 chain mail
rPois   ∞            E - +2 hat
rElec   +            X - +0 cloak
rCorr   .            C - +0 pair of gloves
SInv    .            (no boots)
Will    .....        (no amulet) Stlth
                     c - +6 ring of intelligence
HPRegen 0.29/turn    H - ring "Enioh" {rPois Int+6 Slay+3}
MPRegen 0.19/turn

%: no passive effects
@: no status effects
A: sickness immunity, AC +8, negative energy resistance 1, electricity
resistance, torment resistance 1, petrification resistance
a: Renounce Religion, Stomp, Line Pass


You were on level 1 of the Lair of Beasts.
You worshipped Uskayaw.
Uskayaw was noncommittal.
You visited 3 branches of the dungeon, and saw 12 of its levels.
You also visited: Sewer.

You collected 549 gold pieces.

Inventory:

Hand Weapons
 b - a +0 scythe
 d - a +0 club
 e - a +0 sling of flaming
 f - a +0 dagger of venom
 j - a +0 hand axe
 q - the +5 dire flail "Jisoudynn" (weapon) {freeze, rC+}
   (You took it off an ogre on level 5 of the Dungeon)

   rC+:       It protects you from cold.
 B - a +1 heavy flail
 D - a +3 great sword
 O - a +0 whip
Missiles
 g - 46 stones
 y - 5 javelins
 z - 3 throwing nets
Armour
 a - a +1 robe
 p - a +3 leather armour
 A - a +0 ring mail
 C - a +0 pair of gloves (worn)
 E - a +2 hat (worn)
 X - a +0 cloak (worn)
 Y - a +2 chain mail (worn)
Jewellery
 c - a +6 ring of intelligence (left hand)
 h - a ring of ice
 m - a ring of ice
 H - the ring "Enioh" (right hand) {rPois Int+6 Slay+3}
   (You found it on level 4 of the Dungeon)

   [ring of intelligence]

   Int+6:     It affects your intelligence (+6).
   Slay+3:    It affects your accuracy & damage with ranged weapons and melee
   (+3).
   rPois:     It protects you from poison
 U - a ring of poison resistance
Talismans
 G - a storm talisman
 I - a blade talisman
 S - a beast talisman
Wands
 N - a wand of charming (10)
Scrolls
 r - a scroll of fear
 s - a scroll of vulnerability
 t - 2 scrolls of identify
 v - a scroll of poison {unknown}
 w - 2 scrolls of brand weapon
 x - a scroll of silence {unknown}
 F - 3 scrolls of teleportation
 J - 3 scrolls of noise
 P - a scroll of revelation {unknown}
 Q - a scroll of enchant weapon {unknown}
 W - a scroll of amnesia
Potions
 i - 2 potions of heal wounds
 k - 2 potions of might {unknown}
 l - 3 potions of brilliance
 o - a potion of haste {unknown}
 u - 2 potions of enlightenment
 K - 3 potions of mutation {unknown}
 L - a potion of invisibility {unknown}
 M - a potion of experience {unknown}
 R - a potion of magic
 T - a potion of degeneration {unknown}
 V - 3 potions of curing {unknown}


   Skills:
 + Level 2.0 Fighting
 + Level 1.8 Long Blades
 + Level 2.1 Maces & Flails
 + Level 0.1 Polearms
 + Level 0.3 Ranged Weapons
 + Level 4.2 Armour
 + Level 3.2 Dodging
 + Level 3.9 Stealth
 + Level 10.3 Spellcasting
 + Level 1.1 Conjurations
 + Level 12.5 Earth Magic
 + Level 0.3 Evocations


You had 29 spell levels left.
You knew the following spells:

 Your Spells              Type           Power      Damage    Failure   Level
a - Sandblast             Erth           100%       2d20      1%          1

Your spell library contained the following spells:

 Spells                   Type           Power      Damage    Failure   Level
 Passwall                 Erth           76%        N/A       1%          3
 Stone Arrow              Conj/Erth      100%       3d13      10%         3
 Brom's Barrelling Bould  Conj/Erth      55%        2d7       32%         4
 Leda's Liquefaction      Alch/Erth      26%        N/A       38%         4
 Petrify                  Alch/Erth      53%        N/A       38%         4
 Sting                    Conj/Alch      76%        1d7       41%         1
 Freeze                   Ice            64%        1d7       50%         1
 Static Discharge         Conj/Air       38%        3-5/arc   56%         2
 Lesser Beckoning         Tloc           32%        N/A       63%         2
 Mercury Vapours          Alch/Air       32%        N/A       63%         2
 Hailstorm                Conj/Ice       19%        3d7       80%         3
 Frozen Ramparts          Ice            32%        1d5       86%         3
 Gell's Gravitas          Tloc           16%        N/A       86%         3
 Sigil of Binding         Hex            16%        N/A       86%         3
 Teleport Other           Tloc           16%        N/A       86%         3
 Volatile Blastmotes      Fire/Tloc      32%        2d12      86%         3
 Airstrike                Air            8%         2d(2-18)  99%         4
 Anguish                  Hex/Necr       8%         N/A       99%         4
 Fulminant Prism          Conj/Alch      9%         3d7       99%         4
 Iskenderun's Mystic Bla  Conj/Tloc      19%        2d6       99%         4
 Olgreb's Toxic Radiance  Alch           16%        N/A       99%         4
 Summon Lightning Spire   Summ/Air       16%        N/A       99%         4
 Metabolic Englaciation   Hex/Ice        8%         N/A       100%        5


Dungeon Overview and Level Annotations

Branches:
Dungeon (10/15)            Temple (1/1) D:7            Lair (1/5) D:10
  Sewer (visited)
    Orc: D:9-12

Altars:
Ashenzari
Cheibriados
Dithmenos
Elyvilon
Fedhas
Gozag
Hepliaklqana
Nemelex Xobeh
Okawaru
Qazlal
Ru
Sif Muna
Trog
Uskayaw
Vehumet
Wu Jian
Xom
Yredelemnul
Zin
The Shining One

Shops:
D:3 (   D:8 *


Innate Abilities, Weirdness & Mutations

You are immune to sickness and miasma.
Your stone body is resilient. (AC +8)
You are immune to poison.
You resist negative energy. (rN+)
You are resistant to electric shocks. (rElec)
You are resistant to unholy torment.
You are immune to petrification.


Message History

Uskayaw will force your foes to helplessly watch your dance.
Uskayaw prepares the audience for your solo!
The yak is no longer paralysed. x2
The komodo dragon is no longer paralysed.
The blast of sand hits the yak!!
You kill the yak!
A yak comes into view.
Uskayaw will force your foes to share their pain.
Uskayaw links your audience in an emotional bond!
The blast of sand misses the komodo dragon.
The komodo dragon bites you.
The blast of sand hits the komodo dragon!
The komodo dragon is moderately wounded.
The yak is no longer sharing its pain. x2
The komodo dragon is no longer sharing its pain.
The komodo dragon bites you!!
The blast of sand hits the komodo dragon but does no damage.
The komodo dragon is moderately wounded.
The komodo dragon bites you. The yak gores you. The komodo dragon bites you.
The yak attacks as it pursues you! The yak gores you but does no damage.
The yak attacks as it pursues you! The yak closely misses you.
You see here a bullfrog corpse.
You are too injured to fight recklessly!
Aiming: Sandblast (safe; 1% risk of failure)
Press: ? - help, Q - select action, (/) - cycle Shift-Dir - straight line, f/p - komodo dragon
Aim: a komodo dragon (moderately wounded, 89% to hit)
The blast of sand misses the yak.
The blast of sand hits the komodo dragon!
The komodo dragon is heavily wounded.
The yak gores you.
Uskayaw will force your foes to share their pain.
Aiming: Sandblast (safe; 1% risk of failure)
Press: ? - help, Q - select action, (/) - cycle Shift-Dir - straight line, f/p - komodo dragon
Aim: a komodo dragon (heavily wounded, 89% to hit)
The blast of sand hits the komodo dragon!!
The komodo dragon is almost dead.
The yak barely misses you. The komodo dragon bites you!!
* * * LOW HITPOINT WARNING * * *
The yak gores you.
You die...

##...##
#.....# .
#8.8†8# ...
#...†.# ....
##.8..#.....
#.#.........
###..........
##PY...#......
#.@l####.#...#
.......###
###### .....##
.... ... .. .


You could see a komodo dragon and a yak.

Vanquished Creatures
  A two-headed ogre (D:8)
  The ghost of Xavori the Trooper, a novice DjCK of Xom (D:5)
  2 hornets (D:9)
  Sigmund (D:3)
  A wraith (D:9)
  Grum (D:9)
  A human (D:3)
  A yak (Lair:1)
  Eustachio (D:5)
  2 steam dragons
  Menkaure (D:5)
  An acid dragon (D:9)
  2 swamp worms (D:7)
  A water moccasin (Lair:1)
  5 orc warriors
  A sky beast (D:6)
  A crocodile (Sewer)
  4 ogres
  3 wolves (D:9)
  A phantom (D:5)
  6 centaurs
  2 kobold brigands
  Blork the orc (D:5)
  5 bullfrogs
  2 scorpions
  4 wights
  6 killer bees (D:9)
  5 howler monkeys
  3 bombardier beetles
  2 jellies
  A hound (D:5)
  4 orc priests
  A gnoll bouda (D:8)
  2 sleepcaps
  Ijyb (D:3)
  4 iguanas
  10 orc wizards
  9 gnolls
  7 adders
  A river rat (D:5)
  5 dart slugs
  4 ribbon worms
  31 orcs
  6 bats
  12 endoplasms
  4 giant cockroaches
  8 goblins
  9 hobgoblins
  12 jackals
  21 kobolds
  5 quokkas
  9 ball pythons
  2 frilled lizards
  A jackal skeleton (D:3)
  8 rats
245 creatures vanquished.

Notes
Turn   | Place    | Note
-------+----------+-------------------------------------------
     0 | D:1      | hman the Gargoyle Earth Elementalist began the quest for
                  | the Orb.
     0 | D:1      | Reached XP level 1. HP: 10/10 MP: 3/3
   196 | D:1      | Reached skill level 4 in Earth Magic
   292 | D:1      | Reached XP level 2. HP: 15/15 MP: 1/5
   992 | D:1      | Got Xavef's Dissertation on Misfortune
  1171 | D:2      | Reached XP level 3. HP: 16/19 MP: 0/6
  1926 | D:2      | Found a faded altar of an unknown god.
  1931 | D:2      | Prayed at the altar of an unknown god.
  1931 | D:2      | Became a worshipper of Uskayaw the Reveller
  1931 | D:2      | Reached * piety under Uskayaw
  2003 | D:2      | Reached ** piety under Uskayaw
  2004 | D:2      | Reached XP level 4. HP: 24/24 MP: 4/8
  2291 | D:3      | Reached *** piety under Uskayaw
  2293 | D:3      | Reached **** piety under Uskayaw
  2303 | D:3      | Found Qutot's Weapon Shoppe.
  2364 | D:3      | Noticed Sigmund
  2377 | D:3      | Killed Sigmund
  2378 | D:3      | Reached skill level 5 in Earth Magic
  2378 | D:3      | Reached XP level 5. HP: 18/28 MP: 8/11
  2378 | D:3      | Reached XP level 6. HP: 21/32 MP: 8/12
  2482 | D:3      | Found a runed translucent door.
  2482 | D:3      | Noticed a human
  2489 | D:3      | Found a basalt altar of Yredelemnul.
  2502 | D:3      | Killed a human
  2503 | D:3      | Noticed Ijyb
  2528 | D:3      | Killed Ijyb
  3311 | D:4      | Reached skill level 1 in Armour
  3311 | D:4      | Reached skill level 6 in Earth Magic
  3410 | D:4      | Reached XP level 7. HP: 37/37 MP: 10/14
  3511 | D:4      | Found a snail-covered altar of Cheibriados.
  3578 | D:4      | Reached skill level 5 in Spellcasting
  3746 | D:4      | Identified the ring "Enioh" {rPois Int+6 Slay+3}
  4060 | D:5      | Entered Level 5 of the Dungeon
  4174 | D:5      | Reached skill level 7 in Earth Magic
  4199 | D:5      | Noticed Menkaure
  4204 | D:5      | Killed Menkaure
  4205 | D:5      | Noticed Eustachio
  4208 | D:5      | Reached XP level 8. HP: 28/42 MP: 10/16
  4213 | D:5      | Killed Eustachio
  4214 | D:5      | Reached skill level 1 in Long Blades
  4279 | D:5      | Found a glowing drain.
  4284 | Sewer    | Entered a sewer
  4537 | D:5      | Reached skill level 8 in Earth Magic
  4538 | D:5      | Found a broken altar of Ashenzari.
  4556 | D:5      | Found a stormy altar of Qazlal.
  4753 | D:5      | Found a transporter.
  4756 | D:5      | Noticed Xavori's ghost (novice DjCK)
  4757 | D:5      | Found a transporter.
  4763 | D:5      | Identified the +5 dire flail "Jisoudynn" {freeze, rC+}
  4795 | D:5      | Reached skill level 9 in Earth Magic
  4855 | D:5      | Noticed Blork the orc
  4865 | D:5      | Killed Blork the orc
  4921 | D:5      | Reached XP level 9. HP: 46/46 MP: 15/19
  4927 | D:5      | Killed Xavori's ghost
  5132 | D:5      | Reached skill level 10 in Earth Magic
  5441 | D:6      | Found a glowing silver altar of Zin.
  5874 | D:7      | Found a staircase to the Ecumenical Temple.
  5900 | Temple   | Entered the Ecumenical Temple
  6232 | D:7      | Reached skill level 1 in Fighting
  6472 | D:8      | Found Fen Zilu's Gadget Gallery.
  6573 | D:8      | Found an iron altar of Okawaru.
  6585 | D:8      | Noticed a two-headed ogre
  6590 | D:8      | Reached skill level 1 in Maces & Flails
  6590 | D:8      | Reached skill level 11 in Earth Magic
  6590 | D:8      | Reached XP level 10. HP: 22/52 MP: 15/22
  6592 | D:8      | Killed a two-headed ogre
  6594 | D:8      | Reached ***** piety under Uskayaw
  7582 | D:9      | Reached skill level 12 in Earth Magic
  7602 | D:9      | Reached ****** piety under Uskayaw
  7624 | D:9      | Noticed Grum
  7638 | D:9      | Killed Grum
  7658 | D:9      | Found a white marble altar of Elyvilon.
  7756 | D:9      | Found an opulent altar of Gozag.
  7765 | D:9      | Reached skill level 10 in Spellcasting
  7978 | D:10     | Entered Level 10 of the Dungeon
  8034 | D:10     | Reached XP level 11. HP: 19/57 MP: 19/25
  8078 | D:10     | Found a staircase to the Lair.
  8160 | Lair:1   | Entered Level 1 of the Lair of Beasts
  8185 | Lair:1   | HP: 1/57 [komodo dragon (20)]
  8185 | Lair:1   | Slain by a yak

Illustrated notes

Levels and vault maps discovered:
D:1:      ebering_trefoil_twist, layout_basic, minmay_pentomino_o2
D:2:      layout_basic, hellmonk_ecumenical_altar_leap_of_faith
D:3:      layout_loops_ring, dk_yredelemnul_ordeal, serial_shops,
          nicolae_shop_rolling_square, nicolae_grassy_gnolls, uniq_ijyb,
          uniq_sigmund
D:4:      minmay_razor_zed, layout_cave_pools, kennysheep_slug_shrine
D:5:      layout_loops_ring, jmf_multi_god_temple2,
          mainiacjoe_sewer_entry_somewhere_in_here_2, gammafunk_ghost_smash,
          glass_columns_a, hangedman_decor_opposing, minmay_misc_feat_tiny,
          st_stairs_1, serial_park_tiny_1, corexii_shack, uniq_blork_the_orc,
          uniq_eustachio, uniq_menkaure
D:6:      layout_gridville, zin_statuary, serial_shops, shop
D:7:      layout_loops_ring, minmay_temple_entry_stoned_glass, minivault_19,
          worms_lemuel
D:8:      layout_loops_ring, mainiacjoe_overflow_24_doors, nicolae_shop_gadgets
D:9:      layout_basic, mainiacjoe_overflow_six_doors_small,
          mainiacjoe_overflow_alcove_2, hangedman_abyss_or_decor_lesser_grid,
          uniq_grum
D:10:     layout_basic, lemuel_mausoleum_altar_kikubaaqudgha,
          lemuel_crystal_altar, lair_entry_dummy
Temple:   nicolae_temple_slightly_damp_pantheon
Lair:1:   layout_cave_pods, grunt_megastairs_1

Skill      XL: |  1  2  3  4  5  6  7  8  9 10 11 |
---------------+----------------------------------+-----
Earth Magic    | 4 5 6 7 9 11 12 | 12.5
Spellcasting   | 4 5 6 8 10 | 10.3
Dodging        | 2 3 |  3.2
Armour         | 1 2 4 |  4.2
Stealth        | 3 |  3.9
Long Blades    | 1 |  1.8
Fighting       | 1 2 |  2.0
Maces & Flails | 1 2 |  2.1
Polearms       | |  0.1
Ranged Weapons | |  0.3
Conjurations   | |  1.1
Evocations     | |  0.3

Action                     |  1- 3 |  4- 6 |  7- 9 | 10-12 || total
---------------------------+-------+-------+-------+-------++-------
  Melee: Club              |     3 |       |       |       ||     3
         Dagger            |     7 |    17 |       |       ||    24
         Halberd           |       |    11 |       |       ||    11
         Great sword       |       |       |    12 |       ||    12
         Dire flail        |       |       |    18 |    29 ||    47
   Fire: Sling             |     9 |       |       |       ||     9
   Cast: Sandblast         |    44 |    64 |   126 |   103 ||   337
 Invoke: Stomp             |       |       |     1 |       ||     1
  Evoke: Wand              |       |       |       |     7 ||     7
    Use: Scroll            |     1 |     3 |     6 |     5 ||    15
         Potion            |       |     2 |     2 |     1 ||     5
   Stab: Paralysed         |       |     1 |       |       ||     1
 Armour: Robe              |    19 |       |       |       ||    19
         Leather armour    |       |    32 |    87 |     2 ||   121
         Chain mail        |       |       |       |   171 ||   171
  Dodge: Dodged            |    21 |    22 |    70 |    56 ||   169

Table legend: (Time is in decaauts)
 A = Elapsed time spent in this place.
 B = Non-inter-level travel time spent in this place.
 C = Inter-level travel time spent in this place.
 D = Time resting spent in this place.
 E = Time spent auto-exploring this place.
 F = Levels seen in this place.
 G = Mean time per level.
                   A        B        C        D        E       F      G
               +--------+--------+--------+--------+--------+-----+--------+
         Total |   8430 |   8429 |      1 |      0 |   1927 |  13 |  648.5 |
       Dungeon |   8075 |   8074 |      1 |      0 |   1927 |  10 |  807.5 |
        Temple |    147 |    147 |      0 |      0 |      0 |   1 |  147.0 |
          Lair |     30 |     30 |      0 |      0 |      0 |   1 |   30.0 |
         Sewer |    176 |    176 |      0 |      0 |      0 |   1 |  176.0 |
               +--------+--------+--------+--------+--------+-----+--------+

Top non-repeatable levels by time:
     D:1: 1163 daAuts
     D:2: 1140 daAuts
     D:8: 1054 daAuts
     D:5: 1047 daAuts
     D:3: 1034 daAuts
     D:4: 796 daAuts
     D:7: 650 daAuts
     D:9: 564 daAuts
     D:6: 428 daAuts
    D:10: 193 daAuts
   Sewer: 176 daAuts
  Temple: 147 daAuts
  Lair:1: 30 daAuts
